 Dungeon Crawl Stone Soup version 0.31-a0-845-g9abc20d24f (webtiles) character file.

Game seed: 2146171200593142944

28 Nedwor the Chopper (level 2, 0/25 HPs)
             Began as a Minotaur Gladiator on Oct 3, 2023.
             Slain by Sigmund
             ... wielding a +0 scythe of distortion
              (5 damage)
             ... on level 2 of the Dungeon.
             The game lasted 00:01:17 (1041 turns).

Nedwor the Chopper (Minotaur Gladiator)             Turns: 1041, Time: 00:01:17

Health: 0/25       AC:  4    Str: 18    XL:     2   Next: 96%
Magic:  1/1        EV: 12    Int:  5    God:
Gold:   115        SH:  0    Dex: 11    Spells: 1/1 levels left

rFire   . . .        a - +0 war axe
rCold   . . .        (no shield)
rNeg    . . .        b - +0 leather armour
rPois   +            c - +0 hat
rElec   .            (no cloak)
rCorr   .            n - +0 pair of gloves
SInv    .            (no boots)
Will    .....        (no amulet)
Stlth   +            k - ring of poison resistance
HPRegen 0.24/turn    (no ring)
MPRegen 0.07/turn

%: no passive effects
@: confused
A: horns 2, retaliatory headbutt
a: no special abilities


You were on level 2 of the Dungeon.
You visited 1 branch of the dungeon, and saw 2 of its levels.

You collected 115 gold pieces.

Inventory:

Hand Weapons
 a - a +0 war axe (weapon)
Missiles
 d - 3 throwing nets (quivered)
 e - 4 javelins
Armour
 b - a +0 leather armour (worn)
 c - a +0 hat (worn)
 n - a +0 pair of gloves (worn)
Jewellery
 k - a ring of poison resistance (left hand)
Potions
 g - a potion of might
 h - a potion of heal wounds
 i - a potion of curing


   Skills:
 + Level 2.9 Fighting
 * Level 4.4 Axes
 - Level 2.0 Throwing
 + Level 1.4 Armour
 - Level 3.2 Dodging


You had one spell level left.
You didn't know any spells.
Your spell library was empty.

Dungeon Overview and Level Annotations

Branches:
Dungeon (2/15)

Altars:

Annotations:
D:2 Sigmund


Innate Abilities, Weirdness & Mutations

You have a pair of horns on your head.
You reflexively headbutt those who attack you in melee.


Message History

There is a stone staircase leading down here.
You see here a +0 pair of gloves.
n - a +0 pair of gloves
k - a ring of poison resistance (left hand)
You start putting on your armour.
You continue putting on your +0 pair of gloves. x4
You finish putting on your +0 pair of gloves.
As you read the scroll labelled VAZINWOEBA, it crumbles to dust.
It is a scroll of identify.
g - a potion of might
As you read the scroll of identify, it crumbles to dust.
h - a potion of heal wounds
As you read the scroll of identify, it crumbles to dust.
i - a potion of curing
As you read the scroll labelled XYNNYTS APSOSY, it crumbles to dust.
You feel aware of your surroundings.
It was a scroll of revelation.
Found 4 stones.
As you read the scroll labelled FUPOGU BUFE, it crumbles to dust.
You feel strangely unstable.
It was a scroll of teleportation.
As you read the scroll labelled EBAITU WUQY, it dissolves into smoke.
It was a scroll of fog.
Your surroundings suddenly seem different.
Found a stone staircase leading down.
There is a stone staircase leading down here.
Sigmund the Dreaded comes into view.
He is wielding a +0 scythe of distortion, wearing a +2 robe of cold resistance and carrying a wand of flame.
Sigmund shouts!
Sigmund gestures wildly while chanting.
Sigmund flickers and vanishes!
Deactivating autopickup; reactivate with Ctrl-A.
You hear some strange, mumbled words.
You are confused.
You completely miss something. Something hits you!
You blink.
You hear a zap.
A puff of flame appears from out of thin air!
The puff of flame hits you.
You bump into the rock wall.
Something hits you.
* * * LOW HITPOINT WARNING * * *
Space warps around you.
You die...

*,,,,,,#...######,*
*,*****#.#......#,*
*,* #..>####.#,***
*,* ##.## ♣♣♣**,,
*,* #.# ***,,,*,
*,* #.# *,,,,,,,
#,* #.# **,*,***
#.#######.# ♣♣♣**
#...@.....# #.#
########### #.# #.#
#.# #.# #.#####
#...... #######


There were no monsters in sight!

Vanquished Creatures
  A dart slug (D:1)
  3 endoplasms
  A goblin (D:1)
  3 hobgoblins
  4 jackals (D:1)
  3 ball pythons (D:1)
  3 bats
  2 frilled lizards (D:1)
  A kobold (D:2)
  3 rats (D:2)
24 creatures vanquished.

Notes
Turn   | Place    | Note
-------+----------+-------------------------------------------
     0 | D:1      | Nedwor the Minotaur Gladiator began the quest for the Orb.
     0 | D:1      | Reached XP level 1. HP: 18/18 MP: 0/0
   205 | D:1      | Reached skill level 4 in Axes
   205 | D:1      | Reached XP level 2. HP: 25/25 MP: 1/1
   268 | D:1      | Reached skill level 1 in Armour
   406 | D:1      | Found a faded altar of an unknown god.
  1036 | D:2      | Noticed Sigmund
  1041 | D:2      | Slain by Sigmund

Illustrated notes

Levels and vault maps discovered:
D:1:      elethiomel_arrival_infinity_welcomes_careful_drivers, layout_rooms,
          hellmonk_ecumenical_altar_lost_god, minmay_door_square
D:2:      layout_loops_ring, serial_forest, infiniplex_forest_end_3,
          infiniplex_forest_end_1, infiniplex_forest_fountain,
          infiniplex_forest_clump_double, infiniplex_forest_clump_large,
          infiniplex_forest_clump_double, infiniplex_forest_clump_double,
          uniq_sigmund

Skill      XL: |  1  2 |
---------------+-------+-----
Axes           | 4 |  4.4
Armour         | 1 |  1.4
Fighting       | |  2.9
Throwing       | |  2.0
Dodging        | |  3.2

Action                     || total
---------------------------++-------
  Melee: War axe           ||    40
         Headbutt          ||     5
    Use: Scroll            ||     6
 Armour: Leather armour    ||    27
  Dodge: Dodged            ||    35

Table legend: (Time is in decaauts)
 A = Elapsed time spent in this place.
 B = Non-inter-level travel time spent in this place.
 C = Inter-level travel time spent in this place.
 D = Time resting spent in this place.
 E = Time spent auto-exploring this place.
 F = Levels seen in this place.
 G = Mean time per level.
                   A        B        C        D        E       F      G
               +--------+--------+--------+--------+--------+-----+--------+
         Total |   1052 |    994 |     58 |      0 |    850 |   2 |  526.0 |
       Dungeon |   1052 |    994 |     58 |      0 |    850 |   2 |  526.0 |
               +--------+--------+--------+--------+--------+-----+--------+

Top non-repeatable levels by time:
     D:1: 779 daAuts
     D:2: 272 daAuts
